 Dungeon Crawl Stone Soup version 0.31-a0-198-g2ad674f65e (webtiles) character file.

Game seed: 5289876161223563968

49 qw the Shooter (level 3, 0/20 HPs)
             Began as a Deep Elf Hunter on June 25, 2023.
             Slain by a kobold
             ... wielding a +0 short sword of venom
              (4 damage)
             ... on level 2 of the Dungeon.
             The game lasted 00:00:25 (744 turns).

qw the Shooter (Deep Elf Hunter)                     Turns: 744, Time: 00:00:25

Health: 0/20       AC:  6    Str: 10    XL:     3   Next: 51%
Magic:  5/5        EV:  9    Int: 13    God:
Gold:   68         SH:  0    Dex: 18    Spells: 2/2 levels left

rFire   . . .        Y - +0 shortbow
rCold   . . .        (shield currently unavailable)
rNeg    . . .        g - +0 scale mail
rPois   .            (no helmet)
rElec   .            (no cloak)
rCorr   .            (no gloves)
SInv    .            (no boots)
Will    .....        (no amulet)
Stlth   +            (no ring)
HPRegen 0.23/turn    (no ring)
MPRegen 0.09/turn

%: no passive effects
@: lethally poisoned (0 -> -8)
A: no striking features
a: no special abilities


You were on level 2 of the Dungeon.
You visited 1 branch of the dungeon, and saw 2 of its levels.

You collected 68 gold pieces.


   Skills:
 - Level 1.5 Fighting
 + Level 7.0 Ranged Weapons
 - Level 2.4 Dodging
 - Level 1.2 Stealth


You had 2 spell levels left.
You didn't know any spells.
Your spell library was empty.

Inventory:

Hand Weapons
 Y - a +0 shortbow (weapon)
Armour
 g - a +0 scale mail (worn)
Scrolls
 b - a scroll of blinking {unknown}
 c - a scroll of identify
 h - a scroll of torment {unknown}
Potions
 a - 2 potions of attraction {unknown}
 d - a potion of mutation {unknown}
 e - a potion of enlightenment {unknown}
 f - a potion of heal wounds {unknown}

Dungeon Overview and Level Annotations

Branches:
Dungeon (2/15)

Altars:


Message History

h - a scroll labelled EFIARUGIED
Enter note:
Enter note: A sourceless malevolence fills the Dungeon... and a teleportation trap spontaneously manifests!
You are yanked towards some nearby monsters!
Your surroundings suddenly seem different.
A giant cockroach and a kobold come into view.
The kobold is wielding a +0 short sword of venom.
The kobold shouts!
The kobold throws a stone.
The stone hits you but does no damage.
Enter note:
Enter note: You shoot an arrow.
The arrow closely misses the giant cockroach.
The giant cockroach bites you but does no damage.
You shoot an arrow.
The arrow closely misses the giant cockroach.
The giant cockroach bites you but does no damage.
The kobold hits you but does no damage.
You are poisoned.
The giant cockroach completely misses you.
You shoot an arrow.
The arrow barely misses the giant cockroach.
You feel very sick. The kobold hits you but does no damage.
You are more poisoned.
The giant cockroach bites you but does no damage.
You shoot an arrow.
The arrow hits the giant cockroach but does no damage.
You feel very sick.
The giant cockroach bites you but does no damage.
The kobold barely misses you.
The giant cockroach bites you but does no damage.
The kobold hits you with a +0 short sword of venom.
You shoot an arrow.
The arrow hits the giant cockroach but does no damage.
You feel very sick. The giant cockroach bites you.
The kobold hits you with a +0 short sword of venom.
You die...

### ##########
... #..@B....#
...#
#.K......#
....####
...........#
.......#
###...........
.......#
##..........
.....<.#
#..........
.....%.#
#..........
.......#
...........
.......#


You could see a giant cockroach and a kobold.

Vanquished Creatures
  A worm (D:2)
  A dart slug (D:1)
  5 ball pythons
  6 endoplasms
  2 giant cockroaches (D:1)
  A goblin (D:2)
  3 hobgoblins
  5 kobolds
  4 quokkas
  3 bats
  4 frilled lizards
  3 rats
38 creatures vanquished.

Notes
Turn   | Place    | Note
-------+----------+-------------------------------------------
     0 | D:1      | qw the Deep Elf Hunter began the quest for the Orb.
     0 | D:1      | Reached XP level 1. HP: 12/12 MP: 3/3
     0 | D:1      | 0 ||| qw: Version: 0.3-a-22-g0ed2b0b
     0 | D:1      | 0 ||| qw: Game counter: 5000
     0 | D:1      | 0 ||| qw: Melee chars always use a shield: true
     0 | D:1      | 0 ||| qw: God list: Okawaru
     0 | D:1      | 0 ||| qw: Allow faded altars: false
     0 | D:1      | 0 ||| qw: Do Orc after clearing Dungeon:15 true
     0 | D:1      | 0 ||| qw: Do second Lair branch before Depths: true
     0 | D:1      | 0 ||| qw: Lair rune preference: random
     0 | D:1      | 0 ||| qw: Goals: Normal
     0 | D:1      | 0 ||| PLANNING D:1-11
   125 | D:1      | Reached skill level 6 in Ranged Weapons
   125 | D:1      | Reached XP level 2. HP: 16/16 MP: 4/4
   480 | D:1      | 480 ||| FLEEEEING.
   505 | D:1      | Reached XP level 3. HP: 20/20 MP: 5/5
   549 | D:1      | 549 ||| UPGRADING to +0 scale mail.
   559 | D:1      | 559 ||| DROPPING +0 leather armour.
   560 | D:1      | 560 ||| READING scroll labelled XIOLAYLYCVY.
   561 | D:1      | 561 ||| DROPPING scroll of butterflies.
   577 | D:2      | 577 ||| STAIRDANCE
   580 | D:1      | HP: 4/20 [kobold/+0 short sword (2)]
   689 | D:2      | Reached skill level 7 in Ranged Weapons
   744 | D:2      | HP: 5/20 [poisoned by a kobold]
   744 | D:2      | Slain by a kobold

Levels and vault maps discovered:
D:1:      ebering_trefoil_3fold, layout_basic
D:2:      layout_rooms

Skill      XL: |  1  2  3 |
---------------+----------+-----
Ranged Weapons | 6 7 |  7.0
Fighting       | |  1.5
Dodging        | |  2.4
Stealth        | |  1.2

Action                     || total
---------------------------++-------
   Fire: Shortbow          ||   105
    Use: Scroll            ||     1
 Armour: Leather armour    ||     2
         Scale mail        ||    28
  Dodge: Dodged            ||    24

Table legend:
 A = Non-vault XP
 B = Vault XP
 C = Vault XP percentage of total XP
 D = Non-vault monster count
 E = Vault monster count
 F = Vault count percentage of total count
                 A         B        C        D         E       F
            +---------+---------+-------+---------+---------+-------
      Total |      70 |       0 |   0.0 |      38 |       0 |   0.0
            +---------+---------+-------+---------+---------+-------
        D:1 |      46 |       0 |   0.0 |      26 |       0 |   0.0
        D:2 |      24 |       0 |   0.0 |      12 |       0 |   0.0
            +---------+---------+-------+---------+---------+-------
